 Dungeon Crawl Stone Soup version 0.18-a0-1577-gf591c28 (webtiles) character file.

268 M4edhros the Sneak (level 6, -4/38 HPs)
             Began as an Octopode Artificer on Mar 24, 2016.
             Slain by an orc warrior
             ... wielding a +0 war axe
              (12 damage)
             ... on level 5 of the Dungeon.
             The game lasted 00:03:36 (3255 turns).

M4edhros the Sneak (Octopode Artificer)             Turns: 3255, Time: 00:03:36

Health: -4/38      AC:  3    Str:  8 (11) XL:     6   Next: 21%
Magic:  8/8        EV: 19    Int: 14 (17) God:
Gold:   116        SH:  0    Dex: 16 (19) Spells: 0 memorised, 5 levels left

rFire  . . .     SeeInvis .     n - +0 spear
rCold  . . .     Gourm    .     (no shield)
rNeg   . . .     Faith    .     w - +2 hat {Int+3}
rPois  .         Spirit   .     (no amulet)
rElec  .         Dismiss  .     k - ring of loudness (curse)
rCorr  .         Reflect  .     (no ring)
SustAt .         Harm     .     (no ring)
MR     .....                    (no ring)
Stlth  +++++.....               (no ring)
                                (no ring)
                                (no ring)
                                (no ring)

@: agile, slowed, very slow, not resistant to hostile enchantments, quite
stealthy
A: almost no armour, amphibious, 8 rings, constrict 8, antennae 1, camouflage 1,
wild magic 1, gelatinous body 1
a: no special abilities


You were on level 5 of the Dungeon.
You were near starving.

You visited 1 branch of the dungeon, and saw 5 of its levels.

You collected 116 gold pieces.

Inventory:

Hand Weapons
 a - a +0 short sword
 n - a +0 spear (weapon)
Missiles
 g - 173 stones (quivered)
 t - 25 sling bullets
Armour
 w - a +2 hat of intelligence (worn)
Jewellery
 i - an uncursed ring of ice
 k - a cursed ring of loudness (left tentacle)
Wands
 b - a wand of flame (10/48)
 c - a wand of enslavement (12/24)
 d - a wand of random effects (15/48)
Scrolls
 e - a scroll of amnesia {unknown}
 h - a scroll of noise {unknown}
 j - 2 scrolls of fog {unknown}
 o - 4 scrolls of remove curse {unknown}
 q - 2 scrolls of magic mapping {unknown}
 r - a scroll of identify {unknown}
 v - a scroll of blinking {unknown}
Potions
 m - a potion of might
 p - a potion of degeneration
 u - a potion of brilliance
Comestibles
 f - 3 bread rations


   Skills:
 - Level 1.0 Fighting
 - Level 1.0 Short Blades
 + Level 4.0 Dodging
 * Level 7.0 Stealth
 - Level 3.2 Evocations


You had 5 spell levels left.
You didn't know any spells.

Dungeon Overview and Level Annotations

Branches:
Dungeon (5/15)
 Temple: D:4-7

Altars:


Innate Abilities, Weirdness & Mutations

You cannot wear most types of armour.
You are amphibious.
You can wear up to eight rings at the same time.
You can use your tentacles to constrict eight enemies at once.
Your skin changes colour to match your surroundings (Stealth).
Your rubbery body absorbs attacks (AC +1).
You have a pair of small antennae on your head.
Your spells are a little harder to cast, but a little more powerful.


Message History

The giant frog resists with significant effort.
This wand has 13 charges left.
The giant frog misses you.
Evoke which item? (* to show all) (? for menu, Esc to quit)
Zapping:
c - a wand of enslavement (13/24)
Press: ? - help, Shift-Dir - straight line, f/p - giant frog
Aim: a giant frog (heavily wounded, chance to defeat MR: 52%)
The giant frog is charmed.
This wand has 12 charges left.
The orc completely misses you. The orc barely misses your giant frog.
The orc hits your giant frog with a war axe.
The orc hits your giant frog with a war axe!
Your giant frog dies!
Your Stealth skill increases to level 7!
The orc looks more experienced.
Attack whom?
Press: ? - help, Dir - move target cursor, f - orc warrior
Aim: an orc warrior, wielding a war axe and wearing a scale mail You reach to attack!
You closely miss the orc warrior.
You feel a little less clever now.
The orc warrior hits you with a war axe!
You die...

. .##
######...
#........
#....# ..
#<...#...
#........
#o...#...
#@w......
#........
+........
####.....
..### ..#
.#


You could see an orc warrior and a worm.

Vanquished Creatures
  An orc wizard (D:3)
  A worker ant (D:4)
  Robin (D:4)
  9 adders
  An ooze (D:2)
  An adder skeleton (D:4)
  2 worms (D:2)
  2 dart slugs
  2 giant geckos
  5 orcs
  A ball python (D:4)
  10 bats
  A giant cockroach (D:3)
  16 goblins
  11 hobgoblins
  3 jackals (D:2)
  11 kobolds
  2 quokkas
  7 giant newts
  6 rats
93 creatures vanquished.

Vanquished Creatures (others)
  A centaur (D:5)
  A giant frog (D:5)
  4 toadstools (D:1)
6 creatures vanquished.

Grand Total: 99 creatures vanquished

Notes
Turn   | Place    | Note
--------------------------------------------------------------
     0 | D:1      | M4edhros the Octopode Artificer began the quest for the Orb.
     0 | D:1      | Reached XP level 1. HP: 13/13 MP: 3/3
    61 | D:1      | Reached skill level 2 in Stealth
    89 | D:1      | Reached XP level 2. HP: 16/18 MP: 4/4
   339 | D:1      | Reached skill level 3 in Stealth
   445 | D:1      | Reached XP level 3. HP: 19/23 MP: 5/5
  1043 | D:2      | Reached skill level 4 in Stealth
  1272 | D:2      | Reached XP level 4. HP: 24/28 MP: 6/6
  1704 | D:2      | Reached skill level 5 in Stealth
  2262 | D:3      | Reached XP level 5. HP: 33/33 MP: 7/7
  2357 | D:3      | Reached skill level 6 in Stealth
  3066 | D:4      | Reached XP level 6. HP: 28/38 MP: 8/8
  3198 | D:4      | Noticed Robin
  3217 | D:4      | Gained mutation: You have a pair of small antennae on your head. [potion of mutation]
  3217 | D:4      | Gained mutation: Your spells are a little harder to cast, but a little more powerful. [potion of mutation]
  3242 | D:4      | Killed Robin
  3247 | D:5      | Entered Level 5 of the Dungeon
  3253 | D:5      | Reached skill level 7 in Stealth
  3255 | D:5      | Slain by an orc warrior

Vault maps used:
D:1:      ldierk_walled_garden_2
D:2:      grunt_decor_fettered
D:4:      fedhas_altar_2, uniq_robin
D:5:      minmay_temple_entry_enclosed_plants, first_bread, uniq_edmund

Skill      XL: |  1  2  3  4  5  6 |
---------------+-------------------+-----
Stealth        | 2 3 4 5 6 7 |  7.0
Dodging        | 3 4 |  4.0
Fighting       | |  1.0
Short Blades   | |  1.0
Evocations     | |  3.2

Action                   |  1- 3 |  4- 6 || total
-------------------------+-------+-------++-------
Melee: Short sword       |    28 |       ||    28
       Spear             |    51 |   158 ||   209
Evoke: Wand              |     4 |     4 ||     8
  Use: Potion            |       |     7 ||     7
 Stab: Sleeping          |    13 |    10 ||    23
  Eat: Chunk             |       |     6 ||     6
